 Dungeon Crawl Stone Soup version 0.23.2-40-g277498a001 (webtiles) character file.

Game seed: 9749442630793342359

1967 Exodus22XD the Chopper (level 9, -1/69 HPs)
             Began as a Formicid Fighter on Sept 5, 2019.
             Was a Priest of Okawaru.
             Slain by a basilisk (7 damage)
             ... while petrified by a basilisk
             ... on level 11 of the Dungeon.
             The game lasted 00:12:51 (5790 turns).

Exodus22XD the Chopper (Formicid Fighter)           Turns: 5790, Time: 00:12:52

Health: -1/69      AC:  9    Str: 27    XL:     9   Next: 43%
Magic:  10/10      EV:  2    Int: 11    God:    Okawaru [***...]
Gold:   183        SH:  0    Dex: 10    Spells: 8/8 levels left

rFire    . . .     SeeInvis +   a - +0 war axe
rCold    . . .     Gourm    .   c - +0 shield
rNeg     + + +     Faith    .   z - +1 ring mail "Faotuib" {Int+2 Stlth+}
rPois    ∞         Spirit   .   (helmet unavailable)
rElec    .         Reflect  .   u - +0 cloak
rCorr    .         Harm     .   (no gloves)
MR       .....                  i - +0 pair of boots
Stlth    +.........             (no amulet)
HPRegen  0.21/turn              C - ring of positive energy
MPRegen  0.12/turn              t - +4 ring of strength

@: petrified, studying Long Blades
A: permanent stasis, dig shafts and tunnels, four strong arms, antennae 3
a: Dig, Shaft Self, Heroism, Renounce Religion


You were on level 11 of the Dungeon.
You worshipped Okawaru.
Okawaru was most pleased with you.
You were hungry.

You visited 1 branch of the dungeon, and saw 9 of its levels.

You collected 183 gold pieces.

Inventory:

Hand Weapons
 a - a +0 war axe (weapon)
Armour
 c - a +0 shield (worn)
 i - a +0 pair of boots (worn)
 u - a +0 cloak (worn)
 z - the +1 ring mail "Faotuib" (worn) {Int+2 Stlth+}
   (You found it on level 5 of the Dungeon)

   It affects your intelligence (+2).
   It makes you more stealthy.
Jewellery
 k - an uncursed ring of flight
 t - a +4 ring of strength (right hand)
 y - an uncursed ring of protection from magic
 C - a ring of positive energy (left hand)
Wands
 r - a wand of random effects (12)
 D - a wand of clouds (5)
Scrolls
 g - 3 scrolls of enchant weapon
 j - a scroll of remove curse
 m - a scroll of enchant armour
 v - a scroll of magic mapping {unknown}
 x - 2 scrolls of amnesia {unknown}
Potions
 d - 3 potions of might
 e - a potion of magic
 l - a potion of mutation
 n - a potion of haste {unknown}
 o - 2 potions of brilliance {unknown}
 p - a potion of resistance {unknown}
 q - a potion of flight {unknown}
 s - 2 potions of curing {unknown}
 w - 2 potions of heal wounds {unknown}
 A - a potion of invisibility {unknown}
Books
 h - a manual of Long Blades
Comestibles
 f - 11 rations


   Skills:
 + Level 5.7 Fighting
 * Level 1.4 Long Blades
 - Level 7.3 Axes
 + Level 6.1 Armour
 + Level 3.3 Dodging
 + Level 7.1 Shields
 * Level 1.7 Invocations
 - Level 0.2 Evocations


You had 8 spell levels left.
You didn't know any spells.
Your spell library contained the following spells:

 Spells                   Type           Power        Failure   Level  Hunger
 Corona                   Hex            #......      58%         1    ##.....
 Ensorcelled Hibernation  Hex/Ice        #.....       75%         2    ###....
 Confuse                  Hex            #.......     92%         3    ####...
 Dazzling Spray           Conj/Hex       #.....       92%         3    ####...
 Tukima's Dance           Hex            #.......     92%         3    ####...


Dungeon Overview and Level Annotations

Branches:
Dungeon (12/15)            Temple (0/1) D:4
   Lair: D:8-11         Orc: D:9-12

Altars:
Ashenzari
Elyvilon
Nemelex Xobeh
Okawaru
Trog
Uskayaw
Wu Jian
Yredelemnul

Shops:
D:4 (

Annotations:
D:6 Dowan, Duvessa
D:12 Urug


Innate Abilities, Weirdness & Mutations

You cannot be hasted, slowed, berserked, paralysed or teleported.
You can dig through walls and to a lower floor.
Your four strong arms can wield two-handed weapons with a shield.
You have a pair of large antennae on your head. (SInv)


Message History

There is an entrance to an ice cave on this level.
Hurry and find it before the portal melts!
There is a stone staircase leading down here.
You closely miss the basilisk. You block the basilisk's attack.
You closely miss the basilisk. The basilisk completely misses you.
You closely miss the basilisk. The basilisk gazes at you.
You are slowing down.
You hit the basilisk but do no damage. The basilisk bites you!
* * * LOW HITPOINT WARNING * * *
The basilisk bites you but does no damage.
Your limbs are stiffening.
You closely miss the basilisk. The basilisk bites you!
* * * LOW HITPOINT WARNING * * *
The basilisk bites you.
* * * LOW HITPOINT WARNING * * *
You have turned to stone.
The basilisk bites you!
* * * LOW HITPOINT WARNING * * *
The basilisk bites you!
You die...

#.. #.. #.. #.# ###.
#.# ##....# #.#
###......# #l###
##........# #@=.##
##.........# ##....##
#..........# #......#
#..<......# #......#
#.........# #......#
#........## ##......#
##.......# #......##
####.....## #......#
........######......#


You could see a basilisk.

Vanquished Creatures
  Psyche (D:9)
  A hippogriff (D:9)
  2 phantoms
  2 sky beasts
  2 bullfrogs
  A wyvern zombie (D:9)
  A water moccasin skeleton (D:4)
  2 scorpions
  4 killer bees
  2 howler monkeys (D:4)
  2 crimson imps
  A centaur zombie (D:12)
  3 orc priests (D:5)
  Crazy Yiuf (D:4)
  A jelly (D:12)
  An orc wizard (D:4)
  A centaur skeleton (D:5)
  Terence (D:2)
  An iguana (D:4)
  A hound zombie (D:11)
  A hound skeleton (D:2)
  Robin (D:2)
  A howler monkey skeleton (D:5)
  5 adders
  2 worms (D:2)
  A dart slug (D:2)
  5 leopard geckos
  16 orcs
  7 bats
  A giant cockroach (D:3)
  14 goblins
  13 hobgoblins
  13 jackals
  A quokka (D:6)
  3 ball pythons
  5 frilled lizards
  A jackal skeleton (D:5)
  8 kobolds
  4 rats
  A fungus (D:9)
134 creatures vanquished.

Notes
Turn   | Place    | Note
-------+----------+-------------------------------------------
     0 | D:1      | Exodus22XD the Formicid Fighter began the quest for the
                  | Orb.
     0 | D:1      | Reached XP level 1. HP: 18/18 MP: 1/1
   224 | D:1      | Reached XP level 2. HP: 24/24 MP: 2/2
   808 | D:2      | Reached XP level 3. HP: 12/29 MP: 3/3
  1504 | D:2      | Reached XP level 4. HP: 17/36 MP: 4/4
  1523 | D:2      | Reached skill level 1 in Dodging
  1698 | D:2      | Noticed Robin
  1705 | D:2      | Killed Robin
  1719 | D:2      | HP: 1/37 [worm (4)]
  1762 | D:2      | Noticed Terence
  2282 | D:2      | Found a sparkling altar of Nemelex Xobeh.
  2312 | D:2      | Reached XP level 5. HP: 42/42 MP: 5/5
  2376 | D:2      | Found an iron altar of Okawaru.
  2512 | D:2      | Killed Terence
  2640 | D:2      | Became a worshipper of Warmaster Okawaru
  3141 | D:3      | Found a hide-covered altar of Uskayaw.
  3260 | D:3      | Found a white marble altar of Elyvilon.
  3260 | D:3      | Found a shattered altar of Ashenzari.
  3261 | D:3      | Found a basalt altar of Yredelemnul.
  3261 | D:3      | Found a bloodstained altar of Trog.
  3380 | D:3      | Reached XP level 6. HP: 47/48 MP: 6/6
  3493 | D:4      | Reached skill level 5 in Shields
  3503 | D:4      | Reached * piety under Okawaru
  3503 | D:4      | Reached XP level 7. HP: 44/54 MP: 7/7
  3693 | D:4      | Found Biusch's Weapon Shop.
  3775 | D:4      | Found a runed translucent door.
  3776 | D:4      | Noticed Crazy Yiuf
  3785 | D:4      | Killed Crazy Yiuf
  3898 | D:4      | Found a staircase to the Ecumenical Temple.
  4018 | D:5      | Entered Level 5 of the Dungeon
  4062 | D:5      | Reached skill level 5 in Axes
  4241 | D:5      | Got an ichor-stained ring mail
  4262 | D:5      | Identified the +1 ring mail "Faotuib" {Int+2 Stlth+} (You
                  | found it on level 5 of the Dungeon)
  4324 | D:5      | Found an ornate altar of the Wu Jian Council.
  4402 | D:5      | Reached skill level 5 in Armour
  4402 | D:5      | Reached XP level 8. HP: 40/61 MP: 8/8
  5084 | D:6      | Noticed Duvessa
  5084 | D:6      | Noticed Dowan
  5086 | D:6      | Noticed a wizard
  5087 | D:6      | Noticed a cyclops
  5107 | D:6      | You fall through a shaft for 3 floors!
  5112 | D:9      | Reached ** piety under Okawaru
  5127 | D:9      | Reached skill level 5 in Fighting
  5137 | D:9      | Noticed Psyche
  5147 | D:9      | Killed Psyche
  5180 | D:9      | Noticed a hippogriff
  5188 | D:9      | Killed a hippogriff
  5188 | D:9      | Reached *** piety under Okawaru
  5188 | D:9      | Reached XP level 9. HP: 56/68 MP: 9/9
  5356 | D:9      | You fall through a shaft for 3 floors!
  5390 | D:12     | Noticed Urug
  5573 | D:12     | Reached skill level 1 in Invocations
  5654 | D:12     | Reached skill level 1 in Long Blades
  5790 | D:11     | Slain by a basilisk

Skill      XL: |  1  2  3  4  5  6  7  8  9 |
---------------+----------------------------+-----
Shields        | 4 5 6 7 |  7.1
Armour         | 4 5 6 |  6.1
Dodging        | 1 2 3 |  3.3
Axes           | 3 4 5 6 7 |  7.3
Fighting       | 4 5 |  5.7
Invocations    | 1 |  1.7
Long Blades    | 1 |  1.4
Evocations     | |  0.2

Action                   |  1- 3 |  4- 6 |  7- 9 || total
-------------------------+-------+-------+-------++-------
Melee: War axe           |    83 |   210 |   255 ||   548
 Abil: Shaft Self        |       |       |     1 ||     1
Evoke: Wand              |       |       |    11 ||    11
  Use: Scroll            |       |       |     8 ||     8
 Stab: Paralysed         |       |       |     4 ||     4
       Sleeping          |       |       |     1 ||     1
  Eat: Chunk             |     2 |     7 |     4 ||    13
       Ration            |       |       |     1 ||     1
Armor: Scale mail        |    54 |    79 |    22 ||   155
       Ring mail         |       |       |    51 ||    51
Dodge: Dodged            |    23 |    80 |   122 ||   225
Block: Shield            |    49 |   146 |   152 ||   347
